 Dungeon Crawl Stone Soup version 0.31-a0-221-gbddc013574 (webtiles) character file.

Game seed: 3298247082027777895

2819 pokeman the Thaumaturge (level 9, 0/48 HPs)
             Began as a Deep Elf Hedge Wizard on July 4, 2023.
             Was an Initiate of Vehumet.
             Shot with an arrow by a centaur (9 damage)
             ... on level 10 of the Dungeon.
             The game lasted 00:16:57 (7750 turns).

pokeman the Thaumaturge (Deep Elf Hedge Wizard)     Turns: 7750, Time: 00:16:57

Health: 0/48       AC:  8    Str:  7    XL:     9   Next: 45%
Magic:  24/26      EV: 13    Int: 24    God:    Vehumet [......]
Gold:   85         SH:  0    Dex: 14    Spells: 22/30 levels left

rFire   . . .        p - +7 Throatcutter {drain, coup de grace}
rCold   . . .        (no shield)
rNeg    + . .        b - +0 robe
rPois   .            M - +1 helmet
rElec   +            (no cloak)
rCorr   .            k - +0 pair of gloves
SInv    .            G - +2 pair of boots
Will    +....        u - amulet of magic regeneration
Stlth   ++           C - ring "Titi" {rElec rN+ Will+}
HPRegen 0.28/turn    (no ring)
MPRegen 0.60/turn

%: no passive effects
@: on blink cooldown
A: no striking features
a: Renounce Religion


You were on level 10 of the Dungeon.
You worshipped Vehumet.
Vehumet was noncommittal.
You visited 2 branches of the dungeon, and saw 10 of its levels.
You also visited: Sewer.

You collected 280 gold pieces.
You spent 195 gold pieces at shops.

Inventory:

Hand Weapons
 m - a +1 dagger of venom
 p - the +7 Throatcutter (weapon) {drain, coup de grace}
   (You took it off Terence on level 3 of the Dungeon)
Missiles
 g - 4 curare-tipped darts
Armour
 b - a +0 robe (worn)
 k - a +0 pair of gloves (worn)
 G - a +2 pair of boots (worn)
 H - a +2 ring mail of poison resistance
 L - a +0 buckler of protection
 M - a +1 helmet (worn)
 O - a scarf of harm
Magical Staves
 c - a staff of air
 D - a staff of death
Jewellery
 i - an amulet of the acrobat
 u - an amulet of magic regeneration (around neck)
 C - the ring "Titi" (left hand) {rElec rN+ Will+}
   (You found it in a sewer)

   [ring of positive energy]

   rElec:     It insulates you from electricity.
   rN:        It protects you from negative energy.
   Will:      It increases your willpower.
 J - an amulet of regeneration
Wands
 t - a wand of flame (49)
 y - a wand of mindburst (15)
 P - a wand of paralysis (9)
Scrolls
 h - 10 scrolls of identify {unknown}
 j - 3 scrolls of revelation {unknown}
 s - 6 scrolls of blinking {unknown}
 v - a scroll of enchant armour {unknown}
 w - 2 scrolls of poison {unknown}
 x - 2 scrolls of immolation {unknown}
 A - 3 scrolls of fear {unknown}
 B - a scroll of enchant weapon {unknown}
 E - 2 scrolls of vulnerability {unknown}
 K - a scroll of teleportation {unknown}
Potions
 a - a potion of haste {unknown}
 d - 2 potions of magic
 e - a potion of ambrosia {unknown}
 f - a potion of berserk rage {unknown}
 l - a potion of degeneration {unknown}
 n - 2 potions of curing
 o - 4 potions of enlightenment {unknown}
 q - 2 potions of brilliance {unknown}
 r - 2 potions of might {unknown}
 z - 2 potions of mutation {unknown}
 F - 2 potions of attraction {unknown}
 I - 2 potions of lignification {unknown}
 N - a potion of heal wounds {unknown}


   Skills:
 - Level 2.1 Fighting
 - Level 3.0 Armour
 - Level 3.0 Dodging
 - Level 3.0 Stealth
 + Level 1.5 Shields
 * Level 11.2 Spellcasting
 + Level 7.3 Conjurations
 - Level 1.1 Summonings
 + Level 4.4 Necromancy
 - Level 1.1 Translocations
 - Level 3.0 Air Magic
 - Level 1.1 Poison Magic
 - Level 1.0 Evocations


You had 22 spell levels left.
You knew the following spells:

 Your Spells              Type           Power      Damage    Failure   Level
a - Magic Dart            Conj           100%       1d8       1%          1
b - Mephitic Cloud        Conj/Pois/Air  31%        N/A       3%          3
c - Call Imp              Summ           36%        N/A       4%          2
d - Blink                 Tloc           36%        N/A       4%          2

Your spell library contained the following spells:

 Spells                   Type           Power      Damage    Failure   Level
 Necrotise                Necr           100%       1d9       1%          1
 Cigotuvi's Dreadful Rot  Necr/Pois/Air  54%        N/A       2%          2
 Vampiric Draining        Necr           34%        2d8       2%          3
 Slow                     Hex            52%        N/A       4%          1
 Dispel Undead            Necr           34%        3d15      8%          4
 Agony                    Necr           34%        N/A       21%         5
 Death Channel            Necr           17%        N/A       75%         6


Dungeon Overview and Level Annotations

Branches:
Dungeon (10/15)            Temple (1/1) D:7           Sewer (visited)
   Lair: D:8-11         Orc: D:9-12

Altars:
Ashenzari
Cheibriados
Dithmenos
Elyvilon
Fedhas
Gozag
Hepliaklqana
Makhleb
Nemelex Xobeh
Okawaru
Ru
Trog
Uskayaw
Vehumet
Wu Jian
Xom
Yredelemnul
Zin

Shops:
D:6 [[   D:7 :

Annotations:
D:7 2 transporters, porpoise's ghost, novice TeHu
D:10 exclusion: 4 doors


Message History

The helpless vampire fails to defend itself.
You hit the vampire but do no damage.
Unknown command.
The helpless vampire fails to defend itself.
You hit the vampire.
The vampire is lightly damaged.
The gnoll completely misses the vampire.
Unknown command.
You slash the gnoll!
You kill the gnoll!
Vehumet accepts your kill.
Unknown command.
The helpless vampire fails to defend itself.
You hit the vampire.
The vampire is lightly damaged.
The vampire is no longer paralysed.
The vampire closely misses you. The vampire barely misses you.
Unknown command.
Aiming: Paralyse
Press: ? - help, Shift-Dir - straight line, f/p - vampire
Aim: a vampire (lightly damaged, chance to affect: 33%)
The vampire suddenly stops moving!
The centaur closely misses you. The centaur barely misses you.
The helpless vampire fails to defend itself.
You slash the vampire!
The vampire is moderately damaged.
The centaur seems less confused.
The gnoll sergeant hits you with a +0 trident!
* * * LOW HITPOINT WARNING * * *
The centaur hits you but does no damage.
The centaur kicks you but does no damage.
You hit the gnoll sergeant. You drain the gnoll sergeant.
The gnoll sergeant is severely wounded.
The centaur completely misses you. The centaur closely misses you. x2
The centaur completely misses you.
Casting: Mephitic Cloud (dangerous; 3% risk of failure)
Confirm with . or Enter, or press ? or * to list all spells.
You blink.
The centaur wields a +0 orcbow.
The centaur shoots an arrow.
The arrow hits you!
You die...

..........####..## ####....#
..........###....####......##
.......⌠................####
#.....................###
###.......##.........##
#############>..cg.# #...V).#
##....)# ##@.)..# #.!....#
#.....)..# .>?.......#
....##.....# ..#### ##....# #
#.....# #.....# ......#


You could see a vampire (paralysed), a gnoll sergeant (confused, drained) and a
centaur.

Vanquished Creatures
  A hornet (D:8)
  Sigmund (D:3)
  Menkaure (D:7)
  Edmund (D:4)
  2 water moccasins
  3 black bears
  An ice beast (D:5)
  A sky beast (D:6)
  A kobold brigand (D:8)
  A bullfrog (D:6)
  5 scorpions
  4 killer bees (D:7)
  2 hounds
  A gnoll bouda (D:6)
  5 jellies
  2 orc priests
  An iguana (D:5)
  2 orc wizards (D:7)
  Terence (D:3)
  9 adders
  12 gnolls
  A white imp (D:7)
  2 worms
  3 dart slugs
  8 orcs
  10 endoplasms
  2 giant cockroaches
  4 goblins
  9 hobgoblins
  4 jackals (D:3)
  14 kobolds
  6 quokkas
  11 ball pythons
  A bat (D:2)
  2 frilled lizards (D:1)
  12 rats
146 creatures vanquished.

Vanquished Creatures (collateral kills)
  A wraith (D:6)
  A killer bee (D:7)
  An orc wizard (D:6)
3 creatures vanquished.

Vanquished Creatures (others)
  A gnoll (D:10)
1 creature vanquished.

Grand Total: 150 creatures vanquished

Notes
Turn   | Place    | Note
-------+----------+-------------------------------------------
     0 | D:1      | pokeman the Deep Elf Hedge Wizard began the quest for the
                  | Orb.
     0 | D:1      | Reached XP level 1. HP: 10/10 MP: 7/7
   401 | D:1      | Reached XP level 2. HP: 16/16 MP: 3/9
   865 | D:1      | Reached skill level 5 in Spellcasting
  1040 | D:1      | Reached XP level 3. HP: 20/20 MP: 8/11
  1046 | D:1      | Learned a level 3 spell: Mephitic Cloud
  1049 | D:1      | Learned a level 2 spell: Call Imp
  1052 | D:1      | Learned a level 2 spell: Blink
  1815 | D:2      | Found a faded altar of an unknown god.
  1967 | D:2      | Reached skill level 1 in Fighting
  1967 | D:2      | Reached skill level 1 in Armour
  2122 | D:2      | Noticed a scorpion
  2130 | D:2      | Killed a scorpion
  2131 | D:2      | Reached XP level 4. HP: 19/25 MP: 6/13
  2627 | D:2      | Reached skill level 6 in Spellcasting
  2768 | D:3      | Noticed Terence
  2783 | D:3      | Killed Terence
  2784 | D:3      | Reached XP level 5. HP: 15/29 MP: 3/15
  2986 | D:3      | Noticed Sigmund
  2998 | D:3      | Killed Sigmund
  2999 | D:3      | Reached XP level 6. HP: 34/34 MP: 14/17
  3735 | D:4      | Noticed Edmund
  3885 | D:4      | Killed Edmund
  3886 | D:4      | Reached skill level 5 in Conjurations
  3886 | D:4      | Reached skill level 1 in Air Magic
  3886 | D:4      | Reached skill level 1 in Poison Magic
  3886 | D:4      | Reached skill level 1 in Evocations
  3931 | D:4      | Reached XP level 7. HP: 38/38 MP: 16/19
  4306 | D:5      | Entered Level 5 of the Dungeon
  4319 | D:5      | Reached skill level 7 in Spellcasting
  4457 | D:5      | Found a glowing drain.
  4461 | Sewer    | Entered a sewer
  4537 | Sewer    | Identified the ring "Titi" {rElec rN+ Will+}
  4715 | D:5      | Reached skill level 8 in Spellcasting
  5024 | D:5      | Reached skill level 1 in Necromancy
  5183 | D:5      | Reached XP level 8. HP: 35/44 MP: 22/22
  5342 | D:6      | Found Tupip's Antique Armour Shop.
  5343 | D:6      | Found Zabyth's Antique Armour Emporium.
  5458 | D:6      | Found an iron altar of Okawaru.
  5502 | D:6      | Reached skill level 9 in Spellcasting
  6029 | D:6      | Reached skill level 10 in Spellcasting
  6349 | D:6      | Bought a runed buckler for 195 gold pieces
  6388 | D:7      | Noticed Menkaure
  6400 | D:7      | Killed Menkaure
  6401 | D:7      | Reached XP level 9. HP: 47/48 MP: 22/25
  6477 | D:7      | Found a staircase to the Ecumenical Temple.
  6488 | Temple   | Entered the Ecumenical Temple
  6621 | Temple   | Became a worshipper of Vehumet
  6976 | D:7      | Found Cegh's Tremendous Tomes.
  7186 | D:7      | Reached skill level 1 in Shields
  7318 | D:7      | Found a transporter.
  7324 | D:7      | Found a bloodstained altar of Trog.
  7349 | D:7      | Noticed a moth of wrath
  7351 | D:7      | Noticed porpoise's ghost (novice TeHu)
  7361 | D:7      | Found a transporter.
  7516 | D:8      | Paralysed by a hornet for 1 turns
  7519 | D:8      | Reached skill level 11 in Spellcasting
  7664 | D:8      | You fall into a shaft and drop 2 floors!
  7664 | D:10     | Entered Level 10 of the Dungeon
  7750 | D:10     | Shot with an arrow by a centaur

Illustrated notes

Levels and vault maps discovered:
D:1:      eino_arrival_water_star, layout_loops_corners
D:2:      minmay_skewed_foursquare, layout_rooms,
          dreamdust_ecumenical_altar_statues, solitary_fountain,
          grunt_decor_cap, minivault_26
D:3:      layout_basic, uniq_terence, uniq_sigmund
D:4:      layout_cave_pods, nicolae_twisty_statue_hallways, uniq_edmund
D:5:      layout_loops_ring, gup_sewer_entry_spiral
D:6:      layout_gridville, okawaru_ov_weapons_minmay, nicolae_wooded_promenade
D:7:      layout_loops_ring, minmay_temple_entry_slanted,
          gammafunk_ghost_wrathful_warriors, skrybe_limestone_x,
          hangedman_decor_riveting, chequers_avenue,
          nicolae_shop_i_like_big_books, uniq_menkaure
D:8:      layout_basic
D:10:     layout_layer_cave, orc_0_dummy, st_stairs_9, solitary_fountain,
          hellmonk_guarded_unrand_frostbite
Temple:   nicolae_temple_slightly_damp_pantheon

Skill      XL: |  1  2  3  4  5  6  7  8  9 |
---------------+----------------------------+-----
Spellcasting   | 5 6 8 10 11 | 11.2
Fighting       | 1 2 |  2.1
Armour         | 1 2 3 |  3.0
Conjurations   | 2 4 5 6 7 |  7.3
Stealth        | 3 |  3.0
Dodging        | 3 |  3.0
Air Magic      | 1 2 3 |  3.0
Poison Magic   | 1 |  1.1
Evocations     | 1 |  1.0
Necromancy     | 1 3 4 |  4.4
Shields        | 1 |  1.5
Summonings     | |  1.1
Translocations | |  1.1

Action                     |  1- 3 |  4- 6 |  7- 9 || total
---------------------------+-------+-------+-------++-------
  Melee: Dagger            |     4 |     7 |       ||    11
         Long sword        |       |    13 |    87 ||   100
         Punch             |       |       |     3 ||     3
   Cast: Magic Dart        |   108 |    62 |   134 ||   304
         Mephitic Cloud    |     1 |     5 |    29 ||    35
         Call Imp          |       |     4 |     5 ||     9
         Blink             |       |       |     3 ||     3
  Evoke: Wand              |       |       |     6 ||     6
    Use: Potion            |       |       |     2 ||     2
   Stab: Confused          |     1 |     2 |    11 ||    14
         Distracted        |       |       |     1 ||     1
         Sleeping          |       |       |     1 ||     1
         Paralysed         |       |       |     4 ||     4
 Armour: Robe              |     2 |     7 |    24 ||    33
  Dodge: Dodged            |    15 |    14 |    90 ||   119

Table legend: (Time is in decaauts)
 A = Elapsed time spent in this place.
 B = Non-inter-level travel time spent in this place.
 C = Inter-level travel time spent in this place.
 D = Time resting spent in this place.
 E = Time spent auto-exploring this place.
 F = Levels seen in this place.
 G = Mean time per level.
                   A        B        C        D        E       F      G
               +--------+--------+--------+--------+--------+-----+--------+
         Total |   7870 |   7626 |    244 |    154 |   6221 |  11 |  715.5 |
       Dungeon |   7588 |   7362 |    226 |    154 |   6017 |   9 |  843.1 |
        Temple |    152 |    134 |     18 |      0 |    114 |   1 |  152.0 |
         Sewer |    129 |    129 |      0 |      0 |     90 |   1 |  129.0 |
               +--------+--------+--------+--------+--------+-----+--------+

Top non-repeatable levels by time:
     D:1: 1647 daAuts
     D:2: 1120 daAuts
     D:6: 1094 daAuts
     D:7: 996 daAuts
     D:4: 941 daAuts
     D:5: 931 daAuts
     D:3: 600 daAuts
     D:8: 167 daAuts
  Temple: 152 daAuts
   Sewer: 129 daAuts
    D:10: 89 daAuts
